 Dungeon Crawl Stone Soup version 0.19-a0-1782-g81ad427 (webtiles) character file.

2254 Bzzzz the Covert (level 9, -11/46 HPs)
             Began as a Spriggan Assassin on Oct 3, 2016.
             Mangled by an orc warrior
             ... wielding a +0 hand axe
              (17 damage)
             ... on level 7 of the Dungeon.
             The game lasted 00:25:05 (10302 turns).

Bzzzz the Covert (Spriggan Assassin)               Turns: 10302, Time: 00:25:06

Health: -11/46     AC:  3    Str: 10    XL:     9   Next: 15%
Magic:  0/10       EV: 25    Int: 12    God:
Gold:   455        SH:  0    Dex: 24    Spells: 0 memorised, 8 levels left

rFire  . . .     SeeInvis +     a - +2 dagger
rCold  . . .     Gourm    .     c - +0 robe
rNeg   . . .     Faith    .     (shield restricted)
rPois  .         Spirit   +     (helmet restricted)
rElec  .         Dismiss  .     d - +0 cloak
rCorr  .         Reflect  .     (gloves unavailable)
MR     +....     Harm     .     (boots unavailable)
Stlth  ++++++....               x - amulet of guardian spirit
                                q - +3 ring of strength
                                t - +3 ring of dexterity

@: very quick
A: unfitting armour, see invisible, herbivore 3, speed 3, slow metabolism 2
a: no special abilities


You were on level 7 of the Dungeon.
You were hungry.

You visited 1 branch of the dungeon, and saw 7 of its levels.

You collected 455 gold pieces.

Inventory:

Hand Weapons
 a - a +2 dagger (weapon)
 b - a +0 blowgun
Armour
 c - a +0 robe (worn)
 d - a +0 cloak (worn)
Jewellery
 e - an uncursed amulet of dismissal
 i - an uncursed ring of protection from cold
 q - a +3 ring of strength (right hand)
 t - a +3 ring of dexterity (left hand)
 x - an amulet of guardian spirit (around neck)
 z - an uncursed ring of positive energy
 I - an uncursed amulet of regeneration {unknown}
Wands
 s - a wand of disintegration (6/24)
 u - a wand of polymorph (12/24)
 v - a wand of polymorph (13/24)
 w - a wand of lightning (2/15)
 y - a wand of flame (17/48)
 H - a wand of acid (4/15)
 N - a wand of enslavement (22/24)
Scrolls
 m - 2 scrolls of remove curse
 r - a scroll of fog
 B - a scroll of magic mapping
 D - a scroll of blinking
 K - a scroll of teleportation
Potions
 j - a potion of might
 k - a potion of magic
 l - a potion of heal wounds
 n - 3 potions of lignification
 o - 4 potions of agility
 p - 2 potions of invisibility
 A - a potion of cancellation
 C - a potion of mutation {unknown}
 F - 2 potions of berserk rage
 G - a potion of haste {unknown}
 J - a potion of curing {unknown}
 L - a potion of resistance {unknown}
Books
 E - a book of Changes

   Spells                             Type                      Level
   a - Beastly Appendage              Transmutation                1
   b - Sticks to Snakes               Transmutation                2
   c - Spider Form                    Transmutation/Poison         3
   d - Ice Form                       Ice/Transmutation            4
   e - Blade Hands                    Transmutation                5
 M - a book of Cantrips

   Spells                             Type                      Level
   a - Confusing Touch                Hexes                        1
   b - Animate Skeleton               Necromancy                   1
   c - Summon Small Mammal            Summoning                    1
   d - Apportation                    Translocation                1
Comestibles
 g - 5 bread rations


   Skills:
 + Level 4.5 Fighting
 + Level 5.9 Short Blades
 + Level 5.2 Throwing
 + Level 7.3 Dodging
 * Level 11.8 Stealth


You had 8 spell levels left.
You didn't know any spells.

Dungeon Overview and Level Annotations

Branches:
Dungeon (7/15)
 Temple: D:4-7

Altars:
Ashenzari
Cheibriados
Dithmenos
Fedhas
Kikubaaqudgha
Nemelex Xobeh
Uskayaw
Zin
The Shining One


Innate Abilities, Weirdness & Mutations

You are very small and have problems with some larger weapons.
You are too small for most types of armour.
You have supernaturally acute eyesight. (SInv)
You are a herbivore.
You cover ground extremely quickly.
You need consume almost no food.


Message History

The orc warrior is almost dead.
The orc warrior completely misses you.
You barely miss the orc warrior.
The orc warrior is almost dead.
You barely miss the orc warrior.
The orc warrior is almost dead.
The orc warrior hits you with a hand axe.
* * * LOW HITPOINT WARNING * * *
You hit the orc warrior but do no damage.
The orc warrior is almost dead.
The orc warrior completely misses you.
You hit the orc warrior.
The orc warrior is almost dead.
You hit the orc warrior but do no damage.
The orc warrior is almost dead.
The orc warrior misses you.
You closely miss the orc warrior.
The orc warrior is almost dead.
The orc warrior hits you with a hand axe!!
You die...

...........#####......#....
.....................#.....
..................)....#.##
.###.#####....).......##.#
#.###......>.)........##
#.................).....
#...#...........#...#.###.
...##..........##.#.#.##.. ..(
#.........@..........#....# ..(
#.(..#....o........#####... ...(
#.#...............## #.#.
.Z.(.#...##..........### ###...
....#..###..........# #...##
...O..###...........# ##..##
..##.).............# ###...# #
#.#................###....####
#.#....#..#.....................


You could see an orc warrior.

Vanquished Creatures
  A vampire (D:5)
  9 ogres
  A bullfrog (D:7)
  A water moccasin zombie (D:7)
  2 scorpions
  3 howler monkeys
  2 crimson imps (D:5)
  3 centaur zombies (D:5)
  A bullfrog zombie (D:7)
  4 hounds
  2 jellies (D:5)
  2 bullfrog skeletons (D:5)
  A centaur skeleton (D:5)
  3 orc wizards
  6 worker ants
  A hound skeleton (D:5)
  A mummy (D:6)
  A worker ant zombie (D:7)
  13 adders
  7 gnolls (D:5)
  A howler monkey skeleton (D:5)
  A shadow imp (D:5)
  2 oozes (D:5)
  A worm (D:6)
  2 dart slugs (D:5)
  3 leopard geckos
  13 orcs
  2 ball pythons
  3 giant cockroaches (D:2)
  5 goblins
  3 hobgoblins
  6 jackals
  5 quokkas
  4 bats
  5 frilled lizards
  4 kobolds
  2 leopard gecko skeletons
  A quokka zombie (D:6)
  9 rats
136 creatures vanquished.

Notes
Turn   | Place    | Note
-------+----------+-------------------------------------------
     0 | D:1      | Bzzzz the Spriggan Assassin began the quest for the Orb.
     0 | D:1      | Reached XP level 1. HP: 10/10 MP: 2/2
   438 | D:1      | Reached skill level 6 in Stealth
   455 | D:1      | Reached XP level 2. HP: 11/15 MP: 3/3
   877 | D:2      | Found a hide-covered altar of Uskayaw.
  1331 | D:2      | Reached XP level 3. HP: 18/18 MP: 4/4
  1360 | D:2      | Found a shadowy altar of Dithmenos.
  1477 | D:2      | Found a shattered altar of Ashenzari.
  2386 | D:3      | Found a sparkling altar of Nemelex Xobeh.
  2433 | D:3      | Reached XP level 4. HP: 23/23 MP: 5/5
  2636 | D:3      | Reached skill level 7 in Stealth
  3185 | D:3      | Reached XP level 5. HP: 26/26 MP: 6/6
  3517 | D:4      | Noticed an ogre
  3520 | D:4      | Killed an ogre
  3520 | D:4      | Reached XP level 6. HP: 32/32 MP: 2/7
  3692 | D:4      | Reached skill level 8 in Stealth
  3998 | D:4      | Found a blossoming altar of Fedhas.
  4236 | D:5      | Entered Level 5 of the Dungeon
  4411 | D:5      | Noticed a vampire
  4444 | D:5      | Reached XP level 7. HP: 36/36 MP: 8/8
  5061 | D:5      | Reached skill level 5 in Dodging
  5061 | D:5      | Reached skill level 9 in Stealth
  5116 | D:5      | Found a glowing golden altar of the Shining One.
  5488 | D:5      | Killed a vampire
  5562 | D:5      | Reached XP level 8. HP: 40/40 MP: 9/9
  5720 | D:5      | Reached skill level 10 in Stealth
  6073 | D:5      | HP: 2/41 [poisoned by a worker ant]
  6079 | D:5      | HP: 2/41 [poisoned by a worker ant]
  7209 | D:5      | Reached skill level 5 in Short Blades
  7581 | D:5      | Reached skill level 11 in Stealth
  7707 | D:5      | Found an ancient bone altar of Kikubaaqudgha.
  8078 | D:6      | Found a glowing silver altar of Zin.
  8355 | D:6      | Found a snail-covered altar of Cheibriados.
  9454 | D:7      | Reached skill level 5 in Throwing
  9779 | D:7      | Reached XP level 9. HP: 46/46 MP: 10/10
 10302 | D:7      | Mangled by an orc warrior

Vault maps used:
D:1:      dpeg_arrival_triangle_fractal
D:2:      grunt_dithmenos_smoke_and_mirrors, nicolae_overflow_crystal_walls,
          eat_drink_and_be_merry_uskayaw
D:3:      nemelex_diamond_rough_becter
D:4:      lemuel_crystal_altar, first_bread, kennysheep_generic_room_10
D:5:      kennysheep_windowed_halls, marbit_many_paths,
          nicolae_tso_swordbearing_angel
D:6:      kennysheep_mini, slow_altar_1
D:7:      grunt_ogre_cave

Skill      XL: |  1  2  3  4  5  6  7  8 |
---------------+-------------------------+-----
Stealth        | 6 7 8 9 11 | 11.8
Dodging        | 2 3 4 5 7 |  7.3
Fighting       | 2 3 4 |  4.5
Throwing       | 3 4 5 |  5.2
Short Blades   | 3 4 5 |  5.9

Action                   |  1- 3 |  4- 6 |  7- 9 || total
-------------------------+-------+-------+-------++-------
Melee: Dagger            |    86 |    95 |   553 ||   734
 Fire: Blowgun           |    10 |       |    78 ||    88
Evoke: Wand              |       |       |     3 ||     3
  Use: Scroll            |     6 |     8 |     5 ||    19
       Potion            |     1 |       |       ||     1
 Stab: Sleeping          |    14 |    15 |     7 ||    36
       Distracted        |       |     1 |     3 ||     4
  Eat: Royal jelly       |       |     1 |       ||     1
       Pizza             |       |     1 |       ||     1
       Fruit             |       |       |     3 ||     3
Armor: Robe              |     9 |     7 |    20 ||    36
Dodge: Dodged            |    54 |    61 |   382 ||   497
